AoeStats
← [CL] Chinchilla ®

African Clearing

512086394Analyzed
4v4 RM · 11d ago on Oct 8, 2026· 46m 20s· 8 players
Game mode
Random Map
Map size
Large (8 player)
Population
200
Speed
Normal
Resources
Standard
Victory
Conquest
Starting age
Dark Age
Ending age
Imperial Age
RankedLock teamsTeams togetherTeam positionsShared explorationLock speedFull tech treeHidden civsTurbo modeCheats
Victory
Defeat
🇨🇦 Huns · Canada
1290
+12
🇨🇱 Cumans · Chile
1270
+13
🇧🇷 Vietnamese · Brazil
1257
+13
🇬🇵 Byzantines · Guadeloupe
1229
+14
vs
🇨🇳 Japanese · China
1284
-16
🇧🇷 Lithuanians · Brazil
1183
-13
🇨🇱 Huns · Chile
1173
-12
🇨🇱 Mongols · Chile
1144
-11
DiabetoDiablo
5:05 Loom
14:43 Feudal Age
19:27 Castle Age
19:27 Double-Bit Axe
19:23 Horse Collar
20:41 Bow Saw
20:33 Heavy Plow
20:47 Town Watch
23:56 Fletching
28:52 Gold Mining
31:51 Wheelbarrow
34:25 Bodkin Arrow
35:02 Scale Barding Armor
35:47 Hand Cart
39:47 Imperial Age
38:14 Bloodlines
38:05 Husbandry
38:56 Gold Shaft Mining
38:32 Marauders
39:31 Chain Barding Armor
39:21 Forging
40:11 Forging
40:53 Conscription
41:13 Plate Barding Armor
40:04 Elite Tarkan
41:37 Iron Casting
44:10 Blast Furnace
46:13 Two-Man Saw
vallet.gaetan
2:56 Loom
13:15 Feudal Age
14:40 Double-Bit Axe
17:22 Fletching
19:50 Padded Archer Armor
23:57 Castle Age
23:14 Gold Mining
24:34 Bodkin Arrow
24:26 Crossbowman
33:53 Wheelbarrow
36:56 Leather Archer Armor
41:52 Imperial Age
42:59 Bracer
43:59 Arbalester
44:46 Thumb Ring
45:18 Ballistics
46:06 Chemistry
46:47 Ballistics
Loco Saiti
4:29 Loom
13:39 Feudal Age
14:10 Double-Bit Axe
14:09 Horse Collar
15:56 Scale Barding Armor
16:27 Forging
29:12 Castle Age
28:20 Bloodlines
28:51 Wheelbarrow
37:17 Fletching
37:27 Padded Archer Armor
40:56 Chain Barding Armor
41:39 Bodkin Arrow
41:59 Leather Archer Armor
43:28 Bow Saw
43:56 Leather Archer Armor
44:06 Murder Holes
47:11 Imperial Age
46:00 Ballistics
46:52 Thumb Ring
Franco
3:49 Loom
13:19 Feudal Age
16:28 Double-Bit Axe
17:48 Fletching
31:15 Wheelbarrow
31:29 Padded Archer Armor
36:43 Castle Age
36:58 Castle Age
35:56 Scale Barding Armor
37:32 Crossbowman
38:08 Bodkin Arrow
43:19 Ballistics
45:33 Leather Archer Armor
K
5:13 Loom
12:17 Feudal Age
12:47 Double-Bit Axe
22:15 Castle Age
21:28 Fletching
22:49 Crossbowman
25:16 Bodkin Arrow
36:08 Wheelbarrow
37:48 Light Cavalry
39:26 Forging
40:48 Iron Casting
40:16 Pikeman
40:52 Gold Mining
42:00 Scale Barding Armor
42:43 Bow Saw
43:13 Bloodlines
43:55 Chain Barding Armor
lok0_del_park3
4:05 Loom
12:54 Feudal Age
13:52 Double-Bit Axe
15:33 Forging
16:20 Scale Barding Armor
19:02 Horse Collar
26:33 Castle Age
25:41 Gold Mining
26:26 Bloodlines
27:42 Wheelbarrow
27:24 Bow Saw
27:02 Light Cavalry
30:24 Husbandry
31:35 Chain Barding Armor
34:09 Gold Shaft Mining
33:39 Heavy Plow
38:07 Fletching
[CL] Chinchilla ®
8:31 Loom
13:27 Feudal Age
14:02 Double-Bit Axe
19:01 Castle Age
28:04 Fletching
30:28 Bodkin Arrow
35:06 Padded Archer Armor
39:00 Leather Archer Armor
39:47 Horse Collar
40:22 Bow Saw
I Want Her Back
6:40 Loom
15:53 Feudal Age
16:04 Man-at-Arms
16:44 Double-Bit Axe
17:17 Arson
19:24 Fletching
20:34 Forging
20:43 Town Watch
22:58 Wheelbarrow
22:45 Padded Archer Armor
22:48 Scale Mail Armor
23:36 Horse Collar
32:40 Castle Age
31:03 Stone Mining
32:12 Padded Archer Armor
32:45 Long Swordsman
33:17 Gambesons
34:57 Chain Mail Armor
34:44 Squires
35:14 Bow Saw
36:54 Iron Casting
36:23 Bodkin Arrow
38:20 Gold Mining
43:54 Imperial Age
44:43 Two-Handed Swordsman
Connection lost

Rejoining the realm…

Still unreachable

The connection could not be restored.

Session expired

The server has moved on; the page needs a fresh start.